 Dungeon Crawl Stone Soup version 0.28-a0-845-gfc338a8e3c (webtiles) character file.

Game seed: 11322455696332825782

72 Crownlay the Chopper (level 4, 0/39 HPs)
             Began as a Hill Orc Fighter on Nov 12, 2021.
             Slain by Sigmund (7 damage)
             ... on level 2 of the Dungeon.
             The game lasted 00:02:30 (1875 turns).

Crownlay the Chopper (Hill Orc Fighter)             Turns: 1875, Time: 00:02:31

Health: 0/39       AC:  6    Str: 19    XL:     4   Next: 25%
Magic:  4/4        EV:  9    Int:  8    God:
Gold:   19         SH:  0    Dex: 10    Spells: 3/3 levels left

rFire   . . .      SeeInvis .   a - +0 war axe
rCold   . . .      Faith    .   c - +0 buckler
rNeg    . . .      Spirit   .   b - +0 scale mail
rPois   .          Reflect  .   (no helmet)
rElec   .          Harm     .   (no cloak)
rCorr   .          Rampage  .   (no gloves)
Will    .....                   (no boots)
Stlth   ..........              (no amulet)
HPRegen 0.13/turn               (no ring)
MPRegen 0.09/turn               (no ring)

@: confused
A: no striking features
a: no special abilities


You were on level 2 of the Dungeon.
You visited 1 branch of the dungeon, and saw 2 of its levels.

You collected 19 gold pieces.

Inventory:

Hand Weapons
 a - a +0 war axe (weapon)
Armour
 b - a +0 scale mail (worn)
 c - a +0 buckler (worn)
Scrolls
 e - a scroll of immolation {unknown}
 f - a scroll of blinking {unknown}
 g - 2 scrolls of identify {unknown}
 h - a scroll of teleportation {unknown}
 i - a scroll of enchant armour {unknown}
Potions
 d - a potion of might


   Skills:
 - Level 3.6 Fighting
 * Level 5.2 Axes
 - Level 3.2 Armour
 - Level 4.0 Shields


You had 3 spell levels left.
You didn't know any spells.
Your spell library was empty.

Dungeon Overview and Level Annotations

Branches:
Dungeon (2/15)

Altars:

Annotations:
D:2 1 runed translucent door, Crazy Yiuf, Sigmund


Message History

No target in view!
No target in view!
There is a stone staircase leading down here.
Found a robe.
No target in view!
i - a scroll labelled HUFUFI WAMICW You see here a +0 robe.
Sigmund the Dreaded comes into view.
He is wielding a +0 scythe.
Sigmund shouts!
Sigmund hits you but does no damage.
A rat comes into view.
Sigmund hits you with a +0 scythe!
You hit Sigmund.
Sigmund is moderately wounded.
You closely miss Sigmund.
Sigmund is moderately wounded.
You slash the rat!
You kill the rat!
Sigmund hits you with a +0 scythe!
You are too injured to fight recklessly!
You are too injured to fight recklessly!
You are too injured to fight recklessly!
You are too injured to fight recklessly!
You hit Sigmund.
Sigmund is moderately wounded.
Sigmund gestures at you while chanting.
You are confused.
You miss Sigmund.
Sigmund is moderately wounded.
Sigmund hits you but does no damage.
You bump into the rock wall.
Sigmund casts a spell at you. The puff of flame hits you.
You bump into the rock wall.
Sigmund hits you with a +0 scythe!
* * * LOW HITPOINT WARNING * * *
You closely miss Sigmund.
Sigmund is moderately wounded.
Sigmund screams, "You will never...
NEVER!!!"
Sigmund hits you with a +0 scythe!
You die...

........## .#.#.....###
<...........
.....#...### .#.......#
## #.####..#
#...########.#.####..###
......†.@....#.........#
#@######.####..#.#
#...........<..#.#
#......######.####.....
######.# #.# #..### #.#
#.# #..# # #.# #.#
##.### #.# #.# ##.....
#.# #.###...... #.#
#.##.......


You could see Sigmund.

Vanquished Creatures
  3 adders (D:2)
  2 dart slugs (D:1)
  2 endoplasms (D:1)
  A giant cockroach (D:1)
  4 goblins
  8 hobgoblins
  4 kobolds
  A quokka (D:1)
  3 ball pythons
  5 bats (D:1)
  2 frilled lizards (D:1)
  4 rats
39 creatures vanquished.

Vanquished Creatures (others)
  An endoplasm (D:2)
1 creature vanquished.

Grand Total: 40 creatures vanquished

Notes
Turn   | Place    | Note
-------+----------+-------------------------------------------
     0 | D:1      | Crownlay the Hill Orc Fighter began the quest for the Orb.
     0 | D:1      | Reached XP level 1. HP: 19/19 MP: 1/1
    34 | D:1      | Reached skill level 3 in Axes
   184 | D:1      | Reached XP level 2. HP: 26/26 MP: 2/2
   322 | D:1      | Reached skill level 4 in Axes
   419 | D:1      | Reached XP level 3. HP: 31/31 MP: 3/3
   931 | D:1      | Found a faded altar of an unknown god.
  1240 | D:2      | Found a runed translucent door.
  1241 | D:2      | Noticed Crazy Yiuf
  1410 | D:2      | Reached XP level 4. HP: 29/39 MP: 4/4
  1558 | D:2      | Reached skill level 5 in Axes
  1867 | D:2      | Noticed Sigmund
  1875 | D:2      | Slain by Sigmund

Illustrated notes

Levels and vault maps discovered:
D:1:      shiori_shiawase, layout_basic, hellmonk_ecumenical_altar_zigzags,
          hex_large
D:2:      layout_loops_ring, lemuel_flame_loot_1, uniq_crazy_yiuf_cottage,
          uniq_sigmund

Skill      XL: |  1  2  3  4 |
---------------+-------------+-----
Axes           | 3 4 5 |  5.2
Shields        | 4 |  4.0
Fighting       | |  3.6
Armour         | |  3.2

Action                   |  1- 3 |  4- 6 || total
-------------------------+-------+-------++-------
Melee: War axe           |    73 |    21 ||    94
Armor: Scale mail        |    31 |     4 ||    35
Dodge: Dodged            |    43 |    12 ||    55
Block: Buckler           |    17 |     3 ||    20

Table legend: (Time is in decaauts)
 A = Elapsed time spent in this place.
 B = Non-inter-level travel time spent in this place.
 C = Inter-level travel time spent in this place.
 D = Time resting spent in this place.
 E = Time spent auto-exploring this place.
 F = Levels seen in this place.
 G = Mean time per level.
                   A        B        C        D        E       F      G
               +--------+--------+--------+--------+--------+-----+--------+
         Total |   1902 |   1889 |     13 |      0 |   1668 |   2 |  951.0 |
       Dungeon |   1902 |   1889 |     13 |      0 |   1668 |   2 |  951.0 |
               +--------+--------+--------+--------+--------+-----+--------+

Top non-repeatable levels by time:
     D:1: 1229 daAuts
     D:2: 673 daAuts
